 Dungeon Sprint DCSS version 0.28-a0-1555-g9ae15a6949 (webtiles) character file.

Game seed: 648874733904459274

33 howech the Chopper (level 3, -2/33 HPs)
             Began as a Minotaur Gladiator on Jan 18, 2022.
             Was a Believer of Trog.
             Succumbed to a scorpion's poison
             ... in the Dungeon (Sprint VII: "The Pits").
             The game lasted 00:01:52 (766 turns).

howech the Chopper (Minotaur Gladiator)              Turns: 766, Time: 00:01:52

Health: -2/33      AC:  3    Str: 18    XL:     3   Next: 12%
Magic:  2/2        EV: 13    Int:  5    God:    Trog [**....]
Gold:   0          SH:  0    Dex: 13    Spells: 2/2 levels left

rFire   . . .      SeeInvis .   k - +2 hand axe
rCold   . . .      Faith    .   (no shield)
rNeg    . . .      Spirit   .   b - +0 leather armour
rPois   .          Reflect  .   c - +0 hat
rElec   .          Harm     .   (no cloak)
rCorr   .          Rampage  .   (no gloves)
Will    .....      NoTele   +   (no boots)
Stlth   +.........              (no amulet)
HPRegen 0.11/turn               (no ring)
MPRegen 0.08/turn               (no ring)

@: lethally poisoned (-2 -> -12)
A: horns 2, retaliatory headbutt
a: Renounce Religion, Berserk, Trog's Hand


You were in the Dungeon.
You worshipped Trog.
Trog was pleased with you.
You visited 1 branch

Inventory:

Hand Weapons
 a - a +0 war axe
 k - a +2 hand axe (weapon)
Missiles
 d - 3 throwing nets (quivered)
Armour
 b - a +0 leather armour (worn)
 c - a +0 hat (worn)
Scrolls
 j - a scroll of blinking
 m - 5 scrolls of amnesia
 n - a scroll of summoning
Potions
 f - a potion of heal wounds
 g - a potion of haste
 h - 4 potions of magic
 i - 3 potions of berserk rage
 l - 2 potions of invisibility


   Skills:
 + Level 3.7 Fighting
 * Level 5.6 Axes
 + Level 3.1 Throwing
 + Level 2.6 Armour
 + Level 4.4 Dodging


You had 2 spell levels left.
You didn't know any spells.
Your spell library was empty.

Dungeon Overview and Level Annotations

Branches:
Dungeon (1/1)

Altars:
Cheibriados
Dithmenos
Elyvilon
Fedhas
Gozag
Hepliaklqana
Makhleb
Nemelex Xobeh
Okawaru
Qazlal
Ru
Sif Muna
Trog
Vehumet
Wu Jian
Xom
Yredelemnul
Zin
The Shining One
Beogh
Jiyva
Lugonu


Innate Abilities, Weirdness & Mutations

You have a pair of horns on your head.
You reflexively headbutt those who attack you in melee.


Message History

You slash the adder!
You kill the adder!
Trog accepts your kill.
You can now call upon Trog for regeneration and willpower.
* * * LOW HITPOINT WARNING * * *
You feel very sick. The scorpion closely misses you.
You have reached level 3!
Your experience leads to an increase in your attributes!
Increase (S)trength, (I)ntelligence, or (D)exterity?
Uppercase letters only, please.
You feel agile. x2
You feel better. The scorpion closely misses you.
The scorpion barely misses you.
You barely miss the scorpion. You headbutt the scorpion.
The scorpion is heavily wounded.
The scorpion closely misses you.
You hit the scorpion.
The scorpion is heavily wounded.
The scorpion barely misses you.
You hit the scorpion but do no damage.
The scorpion is heavily wounded.
The scorpion stings you.
You are lethally poisoned!
The scorpion poisons you!
You closely miss the scorpion.
The scorpion is heavily wounded.
You hit the crimson imp but do no damage.
* * * LOW HITPOINT WARNING * * *
You feel very sick. The scorpion stings you.
* * * LOW HITPOINT WARNING * * *
The crimson imp shouts, "Slither home, thou unctious elf-skinned nert!"
The crimson imp hits you.
* * * LOW HITPOINT WARNING * * *
You closely miss the scorpion.
You headbutt the scorpion, but do no damage.
The scorpion is heavily wounded.
You slash the crimson imp!
You die...

#.?(.')))'.##......#..#.
##########.##...........
#..........)'...........
#+#####'#####......#..#.
#.)†..##...........
#####)#####'#####++
#.....##.......#
#.....##.......#
###@####.......#
#.s5..##...<...#
........##.......#
#........##.......#
###########.......#
#########


You could see a scorpion and a crimson imp.

Vanquished Creatures
  A gnoll (D)
  2 adders (D)
  An orc (D)
  A bat zombie (D)
  A goblin (D)
  A ball python skeleton (D)
7 creatures vanquished.

Notes
Turn   | Place    | Note
-------+----------+-------------------------------------------
     0 | D        | howech the Minotaur Gladiator began the quest for the Orb.
     0 | D        | Reached XP level 1. HP: 18/18 MP: 0/0
    43 | D        | Found a bloodstained altar of Trog.
    43 | D        | Found a shimmering blue altar of Sif Muna.
    43 | D        | Found a viscous altar of Jiyva.
    43 | D        | Found a hazy altar of Hepliaklqana.
    43 | D        | Found an opulent altar of Gozag.
    44 | D        | Found a glowing golden altar of the Shining One.
    44 | D        | Found a glowing silver altar of Zin.
    44 | D        | Found a basalt altar of Yredelemnul.
    44 | D        | Found a shimmering altar of Xom.
    44 | D        | Found an ornate altar of the Wu Jian Council.
    44 | D        | Found a sacrificial altar of Ru.
    44 | D        | Found a stormy altar of Qazlal.
    44 | D        | Found an iron altar of Okawaru.
    44 | D        | Found a sparkling altar of Nemelex Xobeh.
    44 | D        | Found a burning altar of Makhleb.
    44 | D        | Found a blossoming altar of Fedhas.
    44 | D        | Found a white marble altar of Elyvilon.
    44 | D        | Found a shadowy altar of Dithmenos.
    44 | D        | Found a snail-covered altar of Cheibriados.
    46 | D        | Found a corrupted altar of Lugonu.
    46 | D        | Found a radiant altar of Vehumet.
    47 | D        | Became a worshipper of Trog the Wrathful
    58 | D        | Reached skill level 4 in Axes
    58 | D        | Reached skill level 1 in Armour
    58 | D        | Reached XP level 2. HP: 15/26 MP: 1/1
    62 | D        | Reached skill level 5 in Axes
    68 | D        | Reached * piety under Trog
   754 | D        | Noticed a scorpion
   755 | D        | Noticed a crimson imp
   760 | D        | Reached ** piety under Trog
   760 | D        | HP: 1/26 [poisoned by an adder]
   761 | D        | Reached XP level 3. HP: 1/33 MP: 2/2
   765 | D        | HP: 1/33 [crimson imp (1)]
   766 | D        | Succumbed to a scorpion's poison

Illustrated notes

Levels and vault maps discovered:
D:        pitsprint [storerooms_1, entrance_room_1, metal_vault_5, armoury_3,
          mini_pit_1, grid_room_1, main_hall_1, silver_pit, the_coven_1,
          the_vestibule_1, steel_vault_2, golden_pit, hallway_of_sentries,
          crystal_vault_1, iron_vault_4, final_vault]

Skill      XL: |  1  2 |
---------------+-------+-----
Fighting       | 3 |  3.7
Axes           | 4 5 |  5.6
Armour         | 1 2 |  2.6
Dodging        | 4 |  4.4
Throwing       | 3 |  3.1

Action                   || total
-------------------------++-------
Melee: Hand axe          ||    21
       War axe           ||     1
       Headbutt          ||     3
  Use: Potion            ||     1
Armor: Leather armour    ||     5
Dodge: Dodged            ||    20

Table legend: (Time is in decaauts)
 A = Elapsed time spent in this place.
 B = Non-inter-level travel time spent in this place.
 C = Inter-level travel time spent in this place.
 D = Time resting spent in this place.
 E = Time spent auto-exploring this place.
 F = Levels seen in this place.
 G = Mean time per level.
                   A        B        C        D        E       F      G
               +--------+--------+--------+--------+--------+-----+--------+
         Total |    766 |    766 |      0 |    678 |      0 |   1 |  766.0 |
       Dungeon |    766 |    766 |      0 |    678 |      0 |   1 |  766.0 |
               +--------+--------+--------+--------+--------+-----+--------+

Top non-repeatable levels by time:
       D: 766 daAuts
